 Dungeon Crawl Stone Soup version 0.20-a0-647-gf178af5 (webtiles) character file.

175 Kareekexe the Gusty (level 5, -2/30 HPs)
             Began as a Tengu Air Elementalist on Feb 15, 2017.
             Killed from afar by Kareekexe's ghost (5 damage)
             ... with a zap
             ... on level 3 of the Dungeon.
             The game lasted 00:07:11 (3207 turns).

Kareekexe the Gusty (Tengu Air Elementalist)        Turns: 3207, Time: 00:07:12

Health: -2/30      AC:  2    Str:  8    XL:     5   Next: 55%
Magic:  5/10       EV: 13    Int: 16    God:
Gold:   151        SH:  0    Dex: 15    Spells: 1/9 levels left

rFire    . . .     SeeInvis .   (no weapon)
rCold    . . .     Gourm    .   a - +0 robe
rNeg     . . .     Faith    .   (no shield)
rPois    .         Spirit   .   (helmet restricted)
rElec    .         Reflect  .   (no cloak)
rCorr    .         Harm     .   (no gloves)
MR       .....                  (boots unavailable)
Stlth    ++........             (no amulet)
Regen    0.1/turn               (no ring)
MPRegen  0.2/turn               (no ring)

@: no status effects
A: beak, talons 3, able to fly 1
a: Fly


You were on level 3 of the Dungeon.
You were not hungry.

You visited 1 branch of the dungeon, and saw 3 of its levels.

You collected 151 gold pieces.

Inventory:

Armour
 a - a +0 robe (worn)
Wands
 j - a wand of lightning (8/15)
 v - a wand of enslavement (6/24)
Scrolls
 d - a scroll of remove curse {unknown}
 f - 2 scrolls of recharging {unknown}
 g - 2 scrolls of enchant armour {unknown}
 k - a scroll of amnesia {unknown}
 n - a scroll of blinking {unknown}
 p - 2 scrolls of identify {unknown}
Potions
 e - 2 potions of agility {unknown}
 h - a potion of heal wounds {unknown}
 l - 2 potions of brilliance {unknown}
 m - a potion of cancellation {unknown}
 o - a potion of haste {unknown}
 q - a potion of berserk rage {unknown}
 u - a potion of degeneration {unknown}
Books
 b - a book of Air

   Spells                             Type                      Level
   a - Shock                          Conjuration/Air              1
   b - Swiftness                      Charms/Air                   2
   c - Static Discharge               Conjuration/Air              3
   d - Airstrike                      Air                          4
   e - Lightning Bolt                 Conjuration/Air              5
 s - a book of Minor Magic

   Spells                             Type                      Level
   a - Magic Dart                     Conjuration                  1
   b - Blink                          Translocation                2
   c - Call Imp                       Summoning                    2
   d - Slow                           Hexes                        2
   e - Conjure Flame                  Conjuration/Fire             3
   f - Mephitic Cloud                 Conjuration/Poison/Air       3
Comestibles
 c - a bread ration
 i - 3 chunks of flesh
 r - a meat ration


   Skills:
 + Level 2.0 Fighting
 + Level 3.2 Dodging
 - Level 2.0 Stealth
 + Level 2.9 Spellcasting
 + Level 3.1 Conjurations
 + Level 5.1 Air Magic


You had one spell level left.
You knew the following spells:

 Your Spells              Type           Power        Failure   Level  Hunger
a - Shock                 Conj/Air       ###.         4%          1    #......
b - Swiftness             Chrm/Air       ##......     12%         2    ##.....
c - Mephitic Cloud        Conj/Pois/Air  ##......     21%         3    ###....
d - Blink                 Tloc           N/A          30%         2    ##.....


Dungeon Overview and Level Annotations

Branches:
Dungeon (3/15)

Altars:

Annotations:
D:3 Kareekexe's ghost, amateur DsAE


Innate Abilities, Weirdness & Mutations

You have a beak for a mouth.
You have claws for feet.
You can fly.


Message History

The zap hits Kareekexe's ghost.
Kareekexe's ghost is moderately damaged.
Kareekexe's ghost gestures at you while chanting.
The zap misses you.
Casting: Shock
Confirm with . or Enter, or press ? or * to list all spells.
Aiming: Shock
Press: ? - help, Shift-Dir - straight line, f/p - Kareekexe's ghost
Aim: Kareekexe's ghost, wielding a weapon of venom (moderately damaged)
The zap hits Kareekexe's ghost.
Kareekexe's ghost is moderately damaged.
Kareekexe's ghost points at you and mumbles some strange words.
The zap hits you!
* * * LOW HITPOINT WARNING * * *
Kareekexe's ghost shouts, "What do you have that I didn't have?"
Kareekexe's ghost points at you and mumbles some strange words.
The zap hits you!
* * * LOW HITPOINT WARNING * * *
The zap hits you!
You die...

......##...#####...##..)....#.#.#
###.#.##...##..........####.....#
# #.#.##...##.##(#.#........#.###
# #.#..'....#.##....#########.# #
#...##...##.##.####.........#
###.....#'###W##.# #.....#####
....#.#.#......#.####........#
#####.#.######.....##.....##.#
........# #....@.........##.#
......### #.#...#.###....##.####
...#### #.#...#.#####.......))
.#.# #.###.#......>....#### .#.#
#.#..................# .#.#
#.#..................# .#.#
###..................# ...#
#..................# .##########
#..................#


You could see Kareekexe's ghost.

Vanquished Creatures
  An orc wizard (D:3)
  Ijyb (D:3)
  4 adders
  2 worms
  A dart slug (D:3)
  A leopard gecko (D:3)
  7 orcs (D:3)
  2 ball pythons
  7 bats
  6 giant cockroaches
  5 goblins
  7 hobgoblins
  6 jackals
  10 kobolds
  2 frilled lizards
  5 rats
67 creatures vanquished.

Notes
Turn   | Place    | Note
-------+----------+-------------------------------------------
     0 | D:1      | Kareekexe the Tengu Air Elementalist began the quest for the Orb.
     0 | D:1      | Reached XP level 1. HP: 10/10 MP: 4/4
   298 | D:1      | Reached XP level 2. HP: 7/15 MP: 0/6
   846 | D:2      | Reached XP level 3. HP: 20/20 MP: 2/7
   898 | D:2      | Reached skill level 1 in Fighting
  1435 | D:2      | Reached XP level 4. HP: 25/25 MP: 0/8
  2190 | D:3      | Learned a level 2 spell: Swiftness
  2194 | D:3      | Learned a level 3 spell: Mephitic Cloud
  2197 | D:3      | Learned a level 2 spell: Blink
  2373 | D:3      | Noticed Ijyb
  2402 | D:3      | Killed Ijyb
  2402 | D:3      | Gained mutation: You can fly. [Tengu growth]
  2402 | D:3      | Reached XP level 5. HP: 30/30 MP: 2/10
  2516 | D:3      | HP: 1/30 [adder (5)]
  2770 | D:3      | Reached skill level 5 in Air Magic
  3178 | D:3      | Noticed Kareekexe's ghost (amateur DsAE)
  3207 | D:3      | Killed from afar by Kareekexe's ghost

Vault maps used:
D:1:      minmay_arrival_wavy_path
D:2:      serial_bayou_pond_c
D:3:      minmay_misc_feat_alley, uniq_iyjb

Skill      XL: |  1  2  3  4  5 |
---------------+----------------+-----
Conjurations   | 2 3 |  3.1
Fighting       | 1 2 |  2.0
Dodging        | 3 |  3.2
Air Magic      | 5 |  5.1
Stealth        | |  2.0
Spellcasting   | |  2.9

Action                   |  1- 3 |  4- 6 || total
-------------------------+-------+-------++-------
Melee: Unarmed           |    33 |    39 ||    72
       Kick              |    11 |     9 ||    20
       Peck              |     5 |     6 ||    11
 Cast: Shock             |    72 |    89 ||   161
 Abil: Fly               |       |     2 ||     2
  Use: Potion            |       |     2 ||     2
 Stab: Sleeping          |     1 |       ||     1
  Eat: Chunk             |     2 |     7 ||     9
Armor: Robe              |    14 |     1 ||    15
Dodge: Dodged            |    36 |    44 ||    80
